 Dungeon Crawl Stone Soup version 0.31-a0-18-gea43df2a32 (webtiles) character file.

Game seed: 15533919233364341316

614 Dittersdorf the Covered (level 7, -2/44 HPs)
             Began as a Gargoyle Fighter on May 10, 2023.
             Slain by Edmund
             ... wielding a +4 dire flail of holy wrath
              (5 damage)
             ... on level 4 of the Dungeon.
             The game lasted 00:06:39 (3719 turns).

Dittersdorf the Covered (Gargoyle Fighter)          Turns: 3719, Time: 00:06:40

Health: -2/44      AC: 17    Str: 22    XL:     7   Next: 44%
Magic:  7/7        EV:  7    Int:  8    God:
Gold:   168        SH:  8    Dex:  9    Spells: 6/6 levels left

rFire   . . .        v - +0 morningstar
rCold   . . .        s - +0 kite shield
rNeg    + + .        r - +0 chain mail
rPois   ∞            (no helmet)
rElec   +            (no cloak)
rCorr   .            (no gloves)
SInv    .            p - +1 pair of boots
Will    .....        o - amulet of the acrobat Stlth
                     b - ring of positive energy
HPRegen 0.27/turn    (no ring)
MPRegen 0.10/turn

%: acrobat
@: no status effects
A: sickness immunity, AC +4, negative energy resistance 1, electricity
resistance, torment resistance 1, petrification resistance
a: no special abilities


You were on level 4 of the Dungeon.
You visited 1 branch of the dungeon, and saw 5 of its levels.

You collected 168 gold pieces.

Inventory:

Hand Weapons
 v - a +0 morningstar (weapon)
Armour
 p - a +1 pair of boots (worn)
 r - a +0 chain mail (worn)
 s - a +0 kite shield (worn)
Jewellery
 b - a ring of positive energy (left hand)
 o - an amulet of the acrobat (around neck)
Wands
 c - a wand of acid (10)
Scrolls
 e - 2 scrolls of teleportation
 f - a scroll of noise
 k - a scroll of magic mapping
 q - a scroll of fear
Potions
 a - a potion of attraction {unknown}
 d - 3 potions of might
 g - 5 potions of curing {unknown}
 h - 2 potions of brilliance {unknown}
 i - 2 potions of heal wounds
 l - 2 potions of lignification {unknown}
 m - 2 potions of magic {unknown}
 n - a potion of ambrosia {unknown}
 u - a potion of flight


   Skills:
 + Level 5.3 Fighting
 + Level 4.2 Maces & Flails
 + Level 5.4 Armour
 + Level 5.3 Shields


You had 6 spell levels left.
You didn't know any spells.
Your spell library contained the following spells:

 Spells                   Type           Power      Damage    Failure   Level
 Apportation              Tloc           0%         N/A       99%         1
 Alistair's Intoxication  Tmut/Pois      0%         N/A       100%        5


Dungeon Overview and Level Annotations

Branches:
Dungeon (5/15)
 Temple: D:4-7

Altars:
Vehumet

Annotations:
D:4 Edmund


Innate Abilities, Weirdness & Mutations

You are immune to sickness and miasma.
Your stone body is resilient. (AC +4)
You are immune to poison.
You resist negative energy. (rN+)
You are resistant to electric shocks. (rElec)
You are resistant to unholy torment.
You are immune to petrification.


Message History

You sock Edmund!
Edmund is heavily wounded.
Edmund barely misses you.
You hit Edmund but do no damage.
Edmund is heavily wounded.
Edmund zaps a wand.
The puff of flame hits you but does no damage.
You hit Edmund.
Edmund is heavily wounded.
Edmund zaps a wand.
The puff of flame hits you!
* * * LOW HITPOINT WARNING * * *
Edmund barely misses you.
You hit Edmund but do no damage.
Edmund is heavily wounded.
Edmund hits you but does no damage.
You closely miss Edmund.
Edmund is heavily wounded.
You block Edmund's attack. x2
You sock Edmund!
Edmund is severely wounded.
Edmund zaps a wand.
The puff of flame hits you but does no damage.
You puncture Edmund!
Edmund is almost dead.
Edmund zaps a wand.
The puff of flame hits you but does no damage.
Edmund hits you with a +4 dire flail of holy wrath.
* * * LOW HITPOINT WARNING * * *
You barely miss Edmund.
Edmund is almost dead.
Edmund barely misses you.
You closely miss Edmund.
Edmund is almost dead.
You block Edmund's attack.
You hit Edmund but do no damage.
Edmund is almost dead.
Edmund asks, "Have you met my wondrous brother?"
Edmund hits you but does no damage.
Edmund hits you with a +4 dire flail of holy wrath.
You die...

*#.*#..######..##.##.)...
#.,#..##.≈≈.##..#..#.####
#,*#.##≈....≈##.##.#.#
*,#..#..#>⌠#).#..#.#.#
*,#.,#).#.[#..#..#.#.#
*,##.##≈....≈##.##.#.#
*,,#..l#.≈≈.##..#..#.#
**,##..######..##.##.#
*,~##.@@...^.##..##.#
**,.##.8..8.##..###)#
*,..########...# #.#
**..≈..~~..~..####.##
**.≈..~..~..~.###...###
*,#...~..~...##...#....
*,*#.~....≈.#####...###
*,,#######.##.# ##.## *
**,* #....# #.# *


You could see Edmund.

Vanquished Creatures
  Blork the orc (D:4)
  2 scorpions
  A hound (D:4)
  A jelly (D:4)
  An iguana (D:4)
  A sleepcap (D:4)
  4 orc wizards
  3 gnolls
  9 adders
  2 worms
  A dart slug (D:2)
  10 orcs
  7 endoplasms
  5 giant cockroaches
  6 goblins
  9 hobgoblins
  6 jackals
  7 kobolds
  3 quokkas
  7 ball pythons
  4 bats
  2 frilled lizards (D:1)
  6 rats
98 creatures vanquished.

Vanquished Creatures (others)
  A kobold (D:5)
1 creature vanquished.

Grand Total: 99 creatures vanquished

Notes
Turn   | Place    | Note
-------+----------+-------------------------------------------
     0 | D:1      | Dittersdorf the Gargoyle Fighter began the quest for the
                  | Orb.
     0 | D:1      | Reached XP level 1. HP: 14/14 MP: 1/1
   194 | D:1      | Reached XP level 2. HP: 19/19 MP: 2/2
   636 | D:1      | Reached XP level 3. HP: 20/23 MP: 3/3
  1190 | D:2      | Reached XP level 4. HP: 29/29 MP: 4/4
  1394 | D:2      | Found a faded altar of an unknown god.
  1637 | D:2      | Reached XP level 5. HP: 33/33 MP: 5/5
  2113 | D:3      | Found a radiant altar of Vehumet.
  2480 | D:3      | Reached XP level 6. HP: 35/39 MP: 6/6
  2960 | D:4      | You fall into a shaft and drop 1 floor!
  2960 | D:5      | Entered Level 5 of the Dungeon
  3368 | D:4      | Noticed Blork the orc
  3406 | D:4      | HP: 1/40 [Blork the orc/+0 mace (7)]
  3409 | D:4      | Killed Blork the orc
  3410 | D:4      | Reached skill level 5 in Fighting
  3410 | D:4      | Reached skill level 5 in Armour
  3410 | D:4      | Reached skill level 5 in Shields
  3410 | D:4      | Reached XP level 7. HP: 3/44 MP: 7/7
  3691 | D:4      | Noticed Edmund
  3716 | D:4      | HP: 2/44 [Edmund/+4 dire flail of holy wrath (5)]
  3719 | D:4      | Slain by Edmund

Illustrated notes

Levels and vault maps discovered:
D:1:      onia_arrival_pentagram, layout_loops_ring, serial_aquarium,
          aquarium_bridge_square [aquarium_subvault_bridge,
          aquarium_subvault_bridge, aquarium_subvault_wall,
          aquarium_subvault_balcony], aquarium_window_corridor_1,
          aquarium_window_fake, aquarium_view_2b, aquarium_balcony_3a,
          aquarium_pool_side
D:2:      layout_basic, chequers_ecumenical_altar_simple_redux
D:3:      layout_rooms, mainiacjoe_overflow_surrounded_room
D:4:      layout_loops_ring, nzn_random_ring, uniq_ijyb, uniq_blork_the_orc,
          uniq_edmund
D:5:      minmay_inner_zag, layout_loops_ring, hellmonk_ghost_happy_afterlife

Skill      XL: |  1  2  3  4  5  6  7 |
---------------+----------------------+-----
Armour         | 4 5 |  5.4
Fighting       | 4 5 |  5.3
Shields        | 4 5 |  5.3
Maces & Flails | 3 4 |  4.2

Action                     |  1- 3 |  4- 6 |  7- 9 || total
---------------------------+-------+-------+-------++-------
  Melee: Flail             |   123 |   162 |       ||   285
         Morningstar       |       |    30 |    65 ||    95
    Use: Scroll            |       |     7 |     2 ||     9
 Armour: Scale mail        |    69 |    39 |       ||   108
         Chain mail        |       |    85 |    29 ||   114
  Dodge: Dodged            |    67 |    94 |    20 ||   181
  Block: Buckler           |    21 |    19 |       ||    40
         Kite shield       |       |    61 |    28 ||    89

Table legend: (Time is in decaauts)
 A = Elapsed time spent in this place.
 B = Non-inter-level travel time spent in this place.
 C = Inter-level travel time spent in this place.
 D = Time resting spent in this place.
 E = Time spent auto-exploring this place.
 F = Levels seen in this place.
 G = Mean time per level.
                   A        B        C        D        E       F      G
               +--------+--------+--------+--------+--------+-----+--------+
         Total |   3858 |   3698 |    160 |    850 |   1808 |   5 |  771.6 |
       Dungeon |   3858 |   3698 |    160 |    850 |   1808 |   5 |  771.6 |
               +--------+--------+--------+--------+--------+-----+--------+

Top non-repeatable levels by time:
     D:4: 999 daAuts
     D:3: 887 daAuts
     D:1: 851 daAuts
     D:2: 847 daAuts
     D:5: 273 daAuts
